 Dungeon Crawl Stone Soup version 0.19.5 (webtiles) character file.

125 QuCean the Ruffian (level 4, 0/44 HPs)
             Began as a Troll Monk on May 3, 2017.
             Slain by an orc
             ... wielding a +0 whip
              (5 damage)
             ... on level 3 of the Dungeon.
             The game lasted 00:09:00 (2029 turns).

QuCean the Ruffian (Troll Monk)                     Turns: 2029, Time: 00:09:00

Health: 0/44       AC:  5    Str: 20    XL:     4   Next: 82%
Magic:  3/3        EV: 11    Int:  6    God:
Gold:   93         SH:  0    Dex: 12    Spells: 0 memorised, 3 levels left

rFire  . . .     SeeInvis .       - Unarmed
rCold  . . .     Gourm    +     a - +0 robe
rNeg   . . .     Faith    .     (no shield)
rPois  .         Spirit   .     (helmet restricted)
rElec  .         Reflect  .     (no cloak)
rCorr  .         Harm     .     (gloves unavailable)
MR     .....                    (boots unavailable)
Stlth  ++........               k - amulet of magic regeneration
                                (no ring)
                                (no ring)

@: no status effects
A: unfitting armour, claws 3, fast metabolism 3, gourmand, regeneration 1,
shaggy fur 1, tough skin 2
a: no special abilities


You were on level 3 of the Dungeon.
You were not hungry.

You visited 1 branch of the dungeon, and saw 3 of its levels.

You collected 93 gold pieces.

Inventory:

Hand Weapons
 l - a +2 dagger of venom
Armour
 a - a +0 robe (worn)
 p - a +0 robe
Jewellery
 k - an amulet of magic regeneration (around neck)
Scrolls
 d - a scroll of fog {unknown}
 h - 2 scrolls of remove curse
 m - a scroll of noise {unknown}
 n - a scroll of immolation {unknown}
 o - a scroll of teleportation {unknown}
Potions
 c - a potion of ambrosia {unknown}
 e - 2 potions of lignification {unknown}
 f - a potion of brilliance {unknown}
 g - a potion of flight {unknown}
 i - 3 potions of curing {unknown}
Comestibles
 b - a bread ration
 j - 2 beef jerkies


   Skills:
 + Level 2.9 Fighting
 + Level 2.9 Dodging
 + Level 1.2 Stealth
 + Level 4.6 Unarmed Combat


You had 3 spell levels left.
You didn't know any spells.

Dungeon Overview and Level Annotations

Branches:
Dungeon (3/15)

Altars:


Innate Abilities, Weirdness & Mutations

You are too large for most types of armour.
You have claws for hands.
Your metabolism is lightning-fast.
You like to eat raw meat.
Your natural rate of healing is unusually fast.
You are covered in fur. (AC +1)
You have very tough skin. (AC +2)


Message History

You scratch the orc.
The orc is lightly wounded.
The orc misses you.
The orc hits you with a trident of protection.
You closely miss the orc.
The orc is lightly wounded.
The orc hits you but does no damage.
You scratch the orc.
The orc is severely wounded.
The orc hits you but does no damage. The orc hits you with a whip.
* * * LOW HITPOINT WARNING * * *
You barely miss the orc.
The orc is severely wounded.
The orc hits you with a trident of protection.
* * * LOW HITPOINT WARNING * * *
The orc hits you but does no damage.
You scratch the orc but do no damage.
The orc is severely wounded.
The orc hits you but does no damage. The orc hits you with a whip.
You die...

##.## ##### ... ...#
... ######.### ...
#(@o(.))(# #.#
#o####.#.# #.#
#.##...#.# #.#
#.##.###.# ##'##
#.##.###.# ##...##
#........# ##.....##
####.#####
##.......## ##..#
#.........####...####


You could see 2 orcs.

Vanquished Creatures
  An orc wizard (D:3)
  An adder (D:2)
  An ooze (D:1)
  3 worms (D:2)
  A dart slug (D:2)
  3 leopard geckos
  2 orcs (D:3)
  8 goblins
  7 hobgoblins
  10 jackals
  A ball python (D:1)
  4 bats
  3 frilled lizards
  11 kobolds
  8 rats
64 creatures vanquished.

Notes
Turn   | Place    | Note
-------+----------+-------------------------------------------
     0 | D:1      | QuCean the Troll Monk began the quest for the Orb.
     0 | D:1      | Reached XP level 1. HP: 22/22 MP: 0/0
    44 | D:1      | Reached XP level 2. HP: 9/29 MP: 1/1
   430 | D:1      | Reached XP level 3. HP: 35/36 MP: 2/2
   923 | D:2      | Reached skill level 4 in Unarmed Combat
  1256 | D:2      | Reached XP level 4. HP: 44/44 MP: 3/3
  2029 | D:3      | Slain by an orc

Skill      XL: |  1  2  3 |
---------------+----------+-----
Unarmed Combat | 4 |  4.6
Fighting       | |  2.9
Dodging        | |  2.9
Stealth        | |  1.2

Action                   |  1- 3 |  4- 6 || total
-------------------------+-------+-------++-------
Melee: Unarmed           |   116 |    40 ||   156
       Punch             |       |     1 ||     1
  Use: Scroll            |     1 |       ||     1
 Stab: Sleeping          |     1 |       ||     1
  Eat: Chunk             |     5 |     8 ||    13
       Bread ration      |     1 |       ||     1
Armor: Robe              |    68 |    25 ||    93
Dodge: Dodged            |    92 |    28 ||   120
